 Dungeon Crawl Stone Soup version 0.32-a0-893-gf85d74f360 (webtiles) character file.

Game seed: 13636098270657967561

613 wilfster70 the Magician (level 7, -16/53 HPs)
             Began as a Djinni Conjurer on Apr 3, 2024.
             Demolished by Duvessa
             ... wielding a +0 short sword
              (18 damage)
             ... on level 4 of the Dungeon.
             The game lasted 00:10:32 (2881 turns).

wilfster70 the Magician (Djinni Conjurer)           Turns: 2881, Time: 00:10:32

Health: -16/53     AC:  3    Str:  3 (6)  XL:     7   Next: 73%
Gold:   161        EV: 11    Int: 19 (21) God:
                   SH:  0    Dex:  9 (12)

rFire   + + .        a - +2 whip (flame)
rCold   x . .        (no shield)
rNeg    + . .        d - +0 robe
rPois   ∞            (no helmet)
rElec   .            q - +0 cloak
rCorr   .            (no gloves)
SInv    .            (boots unavailable)
Will    .....        (no amulet)
Stlth   +            b - ring of positive energy
HPRegen 0.28/turn    g - ring of wizardry
MPRegen 0.00/turn

%: wizardry (x1), infuse magic (-17 HP)
@: brilliant, flying
A: sickness immunity, fire resistance 2, cold vulnerability 1, float, innate
caster, HP casting, extra vitality 1
a: no special abilities


You were on level 4 of the Dungeon.
You visited 1 branch of the dungeon, and saw 4 of its levels.

You collected 161 gold pieces.

Inventory:

Hand Weapons
 a - a +2 whip of flaming (weapon)
Armour
 d - a +0 robe (worn)
 q - a +0 cloak (worn)
Jewellery
 b - a ring of positive energy (left hand)
 g - a ring of wizardry (right hand)
Wands
 o - a wand of polymorph (6)
 s - a wand of charming (3)
Scrolls
 c - 3 scrolls of enchant armour
 f - a scroll of fear
 i - a scroll of blinking {unknown}
 j - a scroll of vulnerability {unknown}
 k - a scroll of revelation {unknown}
 l - a scroll of amnesia {unknown}
 n - a scroll of enchant weapon {unknown}
 r - 6 scrolls of identify
Potions
 e - a potion of mutation {unknown}
 h - a potion of ambrosia {unknown}
 m - a potion of berserk rage {unknown}
 p - a potion of heal wounds {unknown}
 t - a potion of enlightenment {unknown}


   Skills:
 + Level 4.6 Fighting
 - Level 2.1 Dodging
 - Level 1.5 Stealth
 - Level 6.0 Spellcasting
 - Level 6.0 Conjurations
 - Level 6.0 Hexes
 - Level 6.0 Summonings
 - Level 6.0 Necromancy
 - Level 6.0 Translocations
 - Level 6.0 Fire Magic
 - Level 6.0 Ice Magic
 - Level 6.0 Air Magic
 - Level 6.0 Earth Magic
 - Level 6.0 Alchemy


You knew the following spells:

 Your Spells              Type           Power      Damage    Failure   Level
a - Magic Dart            Conj           100%       1d8       1%          1
b - Searing Ray           Conj           84%        2d7       1%          2
c - Fulminant Prism       Conj/Alch      21%        3d12      4%          4
d - Iskenderun's Mystic   Conj/Tloc      42%        2d10      (+2d54%     4
e - Freeze                Ice            100%       1d10      1%          1
f - Mercury Vapours       Alch/Air       84%        N/A       1%          2
g - Swiftness             Air            42%        N/A       1%          3
Your spell library was empty.

Dungeon Overview and Level Annotations

Branches:
Dungeon (4/15)
 Temple: D:4-7

Altars:
Dithmenos
Uskayaw

Annotations:
D:4 Duvessa, Grinder


Innate Abilities, Weirdness & Mutations

You are immune to sickness and miasma.
You are immune to poison.
Your flesh is very heat resistant. (rF++)
You are vulnerable to cold. (rC-)
You float through the air rather than walking.
You learn spells naturally, not from books.
Your magical power is your life essence.
You have superior vitality. (+4 MHP)


Message History

Duvessa hits you with a +0 short sword.
Casting: Iskenderun's Mystic Blast (dangerous; 3% risk of failure)
Confirm with . or Enter, or press ? or * to list all spells.
You erupt in a blast of force!
The mystic blast hits Duvessa but does no damage.
Duvessa is lightly wounded.
Duvessa hits you with a +0 short sword. Duvessa closely misses you.
Casting: Iskenderun's Mystic Blast (dangerous; 3% risk of failure)
Confirm with . or Enter, or press ? or * to list all spells.
You erupt in a blast of force!
The mystic blast hits Duvessa but does no damage.
Duvessa is lightly wounded.
Duvessa hits you but does no damage.
Okay, then.
Unknown command.
As you read the scroll labelled OMILAN VIGUTA, it crumbles to dust.
It is a scroll of identify.
c - 3 scrolls of enchant armour;
r - 6 scrolls of identify
e - a fuming sapphire potion Duvessa hits you with a +0 short sword. x2
Casting: Iskenderun's Mystic Blast (dangerous; 3% risk of failure)
Confirm with . or Enter, or press ? or * to list all spells.
You erupt in a blast of force!
The mystic blast hits Duvessa!
Duvessa is moderately wounded.
Duvessa is knocked back by the mystic blast.
Duvessa slams into the rock wall.
Duvessa is moderately wounded.
* * * LOW HITPOINT WARNING * * *
As you read the scroll labelled EBEOZO LIEC, it crumbles to dust.
You assume a fearsome visage.
Duvessa is unaffected.
It was a scroll of fear.
Duvessa completely misses you.
It was a potion of degeneration.
There was something very wrong with that liquid.
You feel weakened.
You feel dopey.
You feel clumsy. Duvessa barely misses you.
Duvessa hits you with a +0 short sword!
* * * LOW HITPOINT WARNING * * *
It was a potion of brilliance.
You feel clever all of a sudden.
Duvessa hits you with a +0 short sword!!
You die...

.. ... # .. ##.#. ###.#
.!....##..##########
#.....[##...<.....#
......##...)..)....#
##......##.........#
##.#.## #..@...[..# # #
#.e.......+ #
#.##..###.# ##.#.
###.##'####'#
......##....#....#.....#
#......##..#....#.....#
......##...##..###.##..#
##... ##.##### #e# ..#
##. #... ..# ..#


You could see Duvessa (berserk).

Vanquished Creatures
  Sigmund (D:3)
  2 ogres (D:4)
  Dowan (D:4)
  Crazy Yiuf (D:3)
  Jessica (D:3)
  Natasha (thrice) (D:2)
  4 adders
  2 dart slugs
  3 ribbon worms (D:2)
  3 endoplasms
  3 giant cockroaches
  7 goblins
  2 hobgoblins
  6 kobolds
  3 quokkas
  8 ball pythons
  2 bats (D:1)
  7 frilled lizards
  7 rats
66 creatures vanquished.

Notes
Turn   | Place    | Note
-------+----------+-------------------------------------------
     0 | D:1      | wilfster70 the Djinni Conjurer began the quest for the Orb.
     0 | D:1      | wilfster70 set off with the following spells memorised:
                  | Magic Dart, Searing Ray, Fulminant Prism, Iskenderun's
                  | Mystic Blast.
     0 | D:1      | Reached XP level 1. HP: 15/15 MP: 0/0
    81 | D:1      | Reached XP level 2. HP: 16/21 MP: 0/0
   227 | D:1      | Reached XP level 3. HP: 23/25 MP: 0/0
   227 | D:1      | Learned a level 1 spell: Freeze
   754 | D:2      | Noticed Natasha
   757 | D:2      | Killed Natasha
   801 | D:2      | Reached XP level 4. HP: 30/31 MP: 0/0
   914 | D:2      | Noticed Natasha
   925 | D:2      | Killed Natasha
  1059 | D:2      | Found a faded altar of an unknown god.
  1117 | D:2      | Reached XP level 5. HP: 21/35 MP: 0/0
  1117 | D:2      | Learned a level 2 spell: Mercury Vapours
  1176 | D:2      | Reached skill level 5 in Spellcasting
  1176 | D:2      | Reached skill level 5 in Conjurations
  1176 | D:2      | Reached skill level 5 in Hexes
  1176 | D:2      | Reached skill level 5 in Summonings
  1176 | D:2      | Reached skill level 5 in Necromancy
  1176 | D:2      | Reached skill level 5 in Translocations
  1176 | D:2      | Reached skill level 5 in Fire Magic
  1176 | D:2      | Reached skill level 5 in Ice Magic
  1176 | D:2      | Reached skill level 5 in Air Magic
  1176 | D:2      | Reached skill level 5 in Earth Magic
  1176 | D:2      | Reached skill level 5 in Alchemy
  1204 | D:2      | Noticed Natasha
  1214 | D:2      | Killed Natasha
  1617 | D:3      | Noticed Jessica
  1622 | D:3      | Killed Jessica
  1643 | D:3      | Found a runed translucent door.
  1644 | D:3      | Noticed Crazy Yiuf
  1650 | D:3      | Killed Crazy Yiuf
  1780 | D:3      | Found a faded altar of an unknown god.
  1786 | D:3      | Reached XP level 6. HP: 35/40 MP: 0/0
  1787 | D:3      | Found a shadowy altar of Dithmenos.
  1927 | D:3      | Noticed Sigmund
  1934 | D:3      | Killed Sigmund
  1935 | D:3      | Reached XP level 7. HP: 31/49 MP: 0/0
  1935 | D:3      | Learned a level 3 spell: Swiftness
  2135 | D:3      | Found a hide-covered altar of Uskayaw.
  2719 | D:4      | Noticed Grinder
  2750 | D:4      | Noticed Dowan
  2752 | D:4      | Noticed Duvessa
  2763 | D:4      | Killed Dowan
  2880 | D:4      | HP: 2/53 [Duvessa/+0 short sword (14)]
  2881 | D:4      | Demolished by Duvessa

Illustrated notes

Levels and vault maps discovered:
D:1:      dpeg_arrival_line_fractal, layout_basic
D:2:      layout_basic, hellmonk_ecumenical_altar_arch_garden,
          minmay_pentomino_t4, uniq_natasha
D:3:      minmay_inner_zag, layout_basic, nicolae_uskayaw_dance_hall,
          nicolae_overflow_ecumenical_swirl, uniq_crazy_yiuf_cottage,
          uniq_sigmund, uniq_jessica
D:4:      layout_gridville, nicolae_houndstooth_variations, uniq_duvessa,
          uniq_grinder

Skill      XL: |  1  2  3  4  5  6  7 |
---------------+----------------------+-----
Spellcasting   | 4 5 6 |  6.0
Conjurations   | 4 5 6 |  6.0
Hexes          | 4 5 6 |  6.0
Summonings     | 4 5 6 |  6.0
Necromancy     | 4 5 6 |  6.0
Translocations | 4 5 6 |  6.0
Fire Magic     | 4 5 6 |  6.0
Ice Magic      | 4 5 6 |  6.0
Air Magic      | 4 5 6 |  6.0
Earth Magic    | 4 5 6 |  6.0
Alchemy        | 4 5 6 |  6.0
Fighting       | 2 4 |  4.6
Dodging        | |  2.1
Stealth        | |  1.5

Action                     |  1- 3 |  4- 6 |  7- 9 || total
---------------------------+-------+-------+-------++-------
  Melee: Whip              |     1 |     5 |       ||     6
   Cast: Magic Dart        |    38 |    32 |    20 ||    90
         Searing Ray       |       |    14 |     9 ||    23
         Iskenderun's Myst |       |       |     6 ||     6
    Use: Scroll            |       |       |     2 ||     2
         Potion            |       |       |     2 ||     2
 Armour: Robe              |     2 |    14 |    12 ||    28
  Dodge: Dodged            |       |    22 |     9 ||    31

Table legend: (Time is in decaauts)
 A = Elapsed time spent in this place.
 B = Non-inter-level travel time spent in this place.
 C = Inter-level travel time spent in this place.
 D = Time resting spent in this place.
 E = Time spent auto-exploring this place.
 F = Levels seen in this place.
 G = Mean time per level.
                   A        B        C        D        E       F      G
               +--------+--------+--------+--------+--------+-----+--------+
         Total |   2881 |   2842 |     39 |    406 |   1359 |   4 |  720.2 |
       Dungeon |   2881 |   2842 |     39 |    406 |   1359 |   4 |  720.2 |
               +--------+--------+--------+--------+--------+-----+--------+

Top non-repeatable levels by time:
     D:3: 1196 daAuts
     D:2: 839 daAuts
     D:1: 752 daAuts
     D:4: 92 daAuts
